 Dungeon Crawl Stone Soup version 0.19-a0-465-g1d1674b (webtiles) character file.

50061 ololoev the Eclecticist (level 14, -4/76 HPs)
             Began as a Deep Elf Fire Elementalist on June 3, 2016.
             Was the Champion of Sif Muna.
             Slain by a black mamba (11 damage)
             ... on level 1 of the Snake Pit.
             The game lasted 01:38:15 (7803 turns).

ololoev the Eclecticist (DEFE)                      Turns: 7803, Time: 01:38:16

Health: -4/76      AC:  9    Str:  7    XL:     14   Next: 18%
Magic:  1/35       EV: 17    Int: 26    God:    Sif Muna [******]
Gold:   662        SH:  6    Dex: 19    Spells: 10 memorised, 8 levels left

rFire  + + .     SeeInvis .     a - +11 rapier of Fragile Peace {holy, +Fly rF+ rC++}
rCold  + + .     Gourm    .     v - +2 robe "Guots" {+Inv Slay+2}
rNeg   . . .     Faith    .     C - +0 buckler {rF+}
rPois  +         Spirit   .     U - +2 helmet of Guemix {+Blink Dex+4 Stlth-}
rElec  +         Dismiss  .     G - +0 cloak
rCorr  .         Reflect  .     (no gloves)
SustAt .         Harm     .     y - +0 pair of boots
MR     +....     Clarity  +     (no amulet)
Stlth  +++.......               A - ring of stealth
                                i - ring of poison resistance

@: about to teleport, somewhat resistant to hostile enchantments, fairly
stealthy
A: clarity, mutation resistance 1, electricity resistance, strong 1
a: Channel Energy, Forget Spell, Renounce Religion, Evoke Blink, Evoke
Invisibility, Evoke Flight


Innate Abilities, Weirdness & Mutations

You possess an exceptional clarity of mind.
You are somewhat resistant to further mutation.
You are resistant to electric shocks. (rElec)
Your muscles are strong. (Str +2)

Inventory:

Hand Weapons
 a - the +11 rapier of Fragile Peace (weapon) {holy, +Fly rF+ rC++}
   (You found it on level 4 of the Dungeon)

   It has been blessed by the Shining One to cause great damage to the undead
   and demons.
   It protects you from fire.
   It greatly protects you from cold.
   It lets you fly.
Armour
 v - the +2 robe "Guots" (worn) {+Inv Slay+2}
   (You bought it in a shop on level 5 of the Dungeon)

   It affects your accuracy and damage with ranged weapons and melee attacks
   (+2).
   It lets you turn invisible.
 y - a +0 pair of boots (worn)
 C - a +0 buckler of fire resistance (worn)
 G - a +0 cloak (worn)
 J - a troll hide
 U - the +2 helmet of Guemix (worn) {+Blink Dex+4 Stlth-}
   (You bought it in a shop on level 5 of the Dungeon)

   It affects your dexterity (+4).
   It lets you blink.
   It makes you less stealthy.
Magical Staves
 b - an uncursed staff of power
Jewellery
 i - a ring of poison resistance (left hand)
 l - an uncursed ring of flight
 A - a ring of stealth (right hand)
Wands
 r - a wand of disintegration (8/24)
 I - a wand of digging (5/24)
Scrolls
 d - 3 scrolls of magic mapping {unknown}
 f - 4 scrolls of remove curse
 g - 2 scrolls of enchant armour {unknown}
 h - 6 scrolls of teleportation
 o - 3 scrolls of recharging
 w - 2 scrolls of summoning {unknown}
 L - 2 scrolls of amnesia
 M - a scroll of enchant weapon {unknown}
 O - 5 scrolls of identify
 T - a scroll of noise {unknown}
 W - 2 scrolls of immolation {unknown}
Potions
 e - 2 potions of berserk rage {unknown}
 m - 4 potions of might
 n - 3 potions of brilliance
 p - 4 potions of magic
 q - 2 potions of cure mutation
 u - 4 potions of curing
 D - 2 potions of ambrosia
 E - 2 potions of haste {unknown}
 N - 3 potions of cancellation {unknown}
 P - a potion of agility {unknown}
 S - a potion of flight {unknown}
 X - a potion of lignification {unknown}
Books
 z - Sif Muna's Handbook of Conjuration
   (Sif Muna gifted it to you on level 8 of the Dungeon)

   Spells                             Type                      Level
   a - Stone Arrow                    Conjuration/Earth            3
   b - Sticky Flame                   Conjuration/Fire             4
   c - Orb of Destruction             Conjuration                  7
   d - Delayed Fireball               Conjuration/Fire             7
Miscellaneous
 K - an ornate deck of war {drawn: 3}
 V - a phantom mirror
Comestibles
 c - 8 bread rations
 k - a meat ration
 F - 4 fruits
 H - 7 slices of pizza


   Skills:
 + Level 4.0 Fighting
 + Level 6.5 Dodging
 + Level 3.0 Stealth
 - Level 4.2 Shields
 * Level 15.0 Spellcasting
 * Level 13.4 Conjurations
 - Level 3.4 Charms
 - Level 2.8 Necromancy
 - Level 4.0 Translocations
 * Level 13.5 Fire Magic
 + Level 9.1 Invocations
 - Level 1.9 Evocations


You had 8 spell levels left.
You knew the following spells:

 Your Spells              Type           Power        Failure   Level  Hunger
a - Fireball              Conj/Fire      ######....   1%          5    #......
b - Conjure Flame         Conj/Fire      ######..     1%          3    None
c - Sticky Flame          Conj/Fire      ######..     1%          4    None
d - Flame Tongue          Conj/Fire      #####        0%          1    None
e - Inner Flame           Hex/Fire       ######..     1%          3    None
g - Regeneration          Chrm/Necr      #####.....   2%          3    None
h - Orb of Destruction    Conj           ######....   12%         7    ######.
p - Apportation           Tloc           #####.....   1%          1    None
q - Delayed Fireball      Conj/Fire      N/A          12%         7    ######.
s - Iron Shot             Conj/Erth      ######....   34%         6    ####...


You were on level 1 of the Snake Pit.
You worshipped Sif Muna.
Sif Muna was exalted by your worship.
You were not hungry.

You visited 6 branches of the dungeon, and saw 24 of its levels.
You also visited: Sewer and Bailey.

You collected 1401 gold pieces.
You spent 739 gold pieces at shops.

#### ## ## ###
##..##.##.#
##..###.........#
#.#...<.[.........#
#.................##
...........@.....#...
..........NSS........
.....................
.............>.....#.
....)......[.........
.................)...
....................
...................
.................)

Notes
Turn   | Place    | Note
--------------------------------------------------------------
     0 | D:1      | ololoev the Deep Elf Fire Elementalist began the quest for the Orb.
     0 | D:1      | Reached XP level 1. HP: 10/10 MP: 6/6
   147 | D:2      | Reached XP level 2. HP: 14/15 MP: 4/8
   343 | D:2      | Found a shattered altar of Ashenzari.
   356 | D:3      | Found an iron altar of Okawaru.
   405 | D:3      | Reached XP level 3. HP: 19/19 MP: 8/10
   410 | D:3      | Learned a level 3 spell: Conjure Flame
   414 | D:3      | Learned a level 3 spell: Inner Flame
   458 | D:3      | Found an ancient bone altar of Kikubaaqudgha.
   582 | D:3      | Found a glowing drain.
   590 | D:3      | Reached XP level 4. HP: 5/24 MP: 4/11
   613 | Sewer    | Entered a sewer
   734 | Sewer    | Noticed Purgy
   749 | Sewer    | Killed Purgy
   749 | Sewer    | Reached skill level 4 in Spellcasting
   749 | Sewer    | Reached XP level 5. HP: 8/28 MP: 7/13
   788 | D:3      | Learned a level 4 spell: Sticky Flame
  1001 | D:4      | Got an encrusted rapier
  1002 | D:4      | Identified the +11 rapier of Fragile Peace {holy, +Fly rF+ rC++} (You found it on level 4 of the Dungeon)
  1083 | D:4      | Found a staircase to the Ecumenical Temple.
  1089 | Temple   | Entered the Ecumenical Temple
  1123 | Temple   | Became a worshipper of Sif Muna the Loreminder
  1187 | D:4      | Reached XP level 6. HP: 28/32 MP: 9/15
  1226 | D:5      | Entered Level 5 of the Dungeon
  1226 | D:5      | Found Lutuironoji's Antique Armour Emporium.
  1226 | D:5      | Noticed an ice beast
  1231 | D:5      | Killed an ice beast
  1231 | D:5      | Reached skill level 5 in Spellcasting
  1231 | D:5      | Reached skill level 5 in Fire Magic
  1231 | D:5      | Reached skill level 1 in Invocations
  1261 | D:5      | Reached skill level 5 in Conjurations
  1291 | D:5      | Bought a faintly humming robe for 142 gold pieces
  1301 | D:5      | Identified the +2 robe "Guots" {+Inv Slay+2} (You bought it in a shop on level 5 of the Dungeon)
  1366 | D:6      | Noticed tstbtto's ghost (novice NaGl)
  1408 | D:5      | Reached XP level 7. HP: 19/36 MP: 4/17
  1446 | D:6      | Noticed Grinder
  1465 | D:6      | Killed Grinder
  1465 | D:6      | Reached * piety under Sif Muna
  1465 | D:6      | Reached skill level 6 in Spellcasting
  1574 | D:6      | Killed tstbtto's ghost
  1574 | D:6      | Reached ** piety under Sif Muna
  1574 | D:6      | Reached skill level 7 in Spellcasting
  1574 | D:6      | Reached XP level 8. HP: 28/41 MP: 3/20
  1617 | D:6      | Noticed Pikel
  1633 | D:6      | Killed Pikel
  1633 | D:6      | Reached skill level 8 in Spellcasting
  1663 | D:6      | Learned a level 5 spell: Fireball
  1916 | D:7      | Reached *** piety under Sif Muna
  1916 | D:7      | Reached XP level 9. HP: 39/45 MP: 8/23
  2098 | D:7      | Found a flagged portal.
  2128 | Bailey   | Entered a bailey
  2133 | Bailey   | Noticed an orc warlord
  2200 | Bailey   | Noticed an orc knight
  2214 | Bailey   | Killed an orc knight
  2214 | Bailey   | Reached skill level 9 in Spellcasting
  2273 | Bailey   | Found a runed gate.
  2274 | Bailey   | Found a runed gate.
  2276 | Bailey   | Found a runed gate.
  2392 | Bailey   | Killed an orc warlord
  2392 | Bailey   | Reached **** piety under Sif Muna
  2392 | Bailey   | Reached skill level 10 in Spellcasting
  2392 | Bailey   | Reached skill level 5 in Invocations
  2392 | Bailey   | Reached XP level 10. HP: 23/50 MP: 2/26
  2470 | Bailey   | Identified the Tome of the Excruciating Blaze
  2478 | Bailey   | Learned a level 6 spell: Iron Shot
  2527 | D:6      | Reached ***** piety under Sif Muna
  2561 | D:6      | Noticed a hill giant
  2563 | D:6      | Noticed a manticore
  2578 | D:6      | Killed a hill giant
  2578 | D:6      | Reached skill level 1 in Shields
  2601 | D:6      | Killed a manticore
  2880 | D:5      | Bought a polished helmet for 237 gold pieces
  2880 | D:5      | Identified the +2 helmet of Guemix {+Blink Dex+4 Stlth-} (You bought it in a shop on level 5 of the Dungeon)
  2984 | D:8      | Found Yppum's Book Emporium.
  3046 | D:8      | Noticed a three-headed hydra
  3116 | D:8      | Noticed Psyche
  3237 | D:8      | Killed a three-headed hydra
  3237 | D:8      | Reached skill level 11 in Spellcasting
  3237 | D:8      | Reached skill level 10 in Conjurations
  3237 | D:8      | Reached skill level 10 in Fire Magic
  3237 | D:8      | Reached skill level 1 in Evocations
  3412 | D:8      | Bought a book of Necromancy for 360 gold pieces
  3416 | D:8      | Learned a level 3 spell: Regeneration
  3452 | D:8      | Killed Psyche
  3648 | D:9      | Reached XP level 11. HP: 54/54 MP: 22/28
  3662 | D:9      | Reached skill level 1 in Necromancy
  3776 | D:8      | Noticed Erica
  3788 | D:8      | Killed Erica
  3788 | D:8      | Reached ****** piety under Sif Muna
  3788 | D:8      | Received a gift from Sif Muna
  3789 | D:8      | Identified Sif Muna's Handbook of Conjuration (Sif Muna gifted it to you on level 8 of the Dungeon)
  3800 | D:8      | Learned a level 7 spell: Delayed Fireball
  3997 | D:9      | Reached skill level 1 in Charms
  3999 | D:9      | crauler: бросай сифу бери доместос
  4001 | D:9      | ololoev: лол нафига?
  4001 | D:9      | crauler: стабать, лол
  4001 | D:9      | ololoev: мистер пропер не спидрановый же
  4035 | D:9      | crauler: спидранишь потихонечку?
  4037 | D:9      | ololoev: tcnm ytvyjuj
  4037 | D:9      | ololoev: L9 4r nehyjd
  4037 | D:9      | ololoev: есть немного
  4037 | D:9      | ololoev: д9 4к турнов
  4040 | D:9      | Found a staircase to the Lair.
  4121 | D:10     | Entered Level 10 of the Dungeon
  4160 | D:9      | Found a hazy altar of Hepliaklqana.
  4304 | D:10     | Found a staircase to the Orcish Mines.
  4314 | D:10     | ololoev: пойду орков метелить!
  4315 | Orc:1    | Entered Level 1 of the Orcish Mines
  4333 | Orc:1    | crauler: эльфов сразу чисти
  4334 | Orc:1    | crauler: экономия!
  4337 | Orc:1    | ololoev: вот я думаю
  4337 | Orc:1    | ololoev: по идее лучше всего делать леир-2легких бранча-орков-эльфов
  4337 | Orc:1    | ololoev: по турнам
  4337 | Orc:1    | ololoev: ибо так эльфы будут штормом чиститься, а это уже 100% безопасно
  4337 | Orc:1    | ololoev: а вот сразу после орков я бы сказал у меня процентов так 40 пережить леир3
  4338 | Orc:1    | Noticed an orc warlord
  4346 | Orc:1    | crauler: варлорду ничто не страшно
  4347 | Orc:1    | crauler: поли?
  4347 | Orc:1    | ololoev: 18% мало
  4347 | Orc:1    | ololoev: надо подумать
  4347 | Orc:1    | crauler: у поли тотже шанс что и пара?
  4347 | Orc:1    | ololoev: вроде да
  4347 | Orc:1    | ololoev: но вообще надо идти в леир я так понял
  4347 | Orc:1    | ololoev: тут еще и прист
  4464 | Lair:1   | Entered Level 1 of the Lair of Beasts
  4601 | Lair:2   | Noticed a seven-headed hydra
  4611 | Lair:2   | Killed a seven-headed hydra
  4611 | Lair:2   | Reached skill level 12 in Spellcasting
  4629 | Lair:3   | Noticed a seven-headed hydra
  4653 | Lair:3   | Killed a seven-headed hydra
  4756 | Lair:3   | Found a staircase to the Snake Pit.
  4901 | Lair:3   | ololoev: ура, шоалзы!
  4905 | Lair:3   | Found a staircase to the Shoals.
  4949 | Lair:3   | Received a gift from Sif Muna
  4949 | Lair:3   | Reached XP level 12. HP: 59/59 MP: 0/30
  4974 | Lair:3   | Identified Sif Muna's Papyrus of Conjuration (Sif Muna gifted it to you on level 3 of the Lair of Beasts)
  5052 | Lair:4   | Identified the Grimoire of Attacks and Dislocation
  5055 | Lair:4   | Learned a level 1 spell: Apportation
  5268 | Lair:5   | Noticed a six-headed hydra
  5399 | Lair:5   | Killed a six-headed hydra
  5559 | Lair:5   | Reached skill level 1 in Fighting
  5699 | Lair:6   | Reached skill level 1 in Translocations
  5716 | Lair:6   | Reached skill level 13 in Spellcasting
  5994 | Lair:7   | Noticed a six-headed hydra
  5995 | Lair:8   | Entered Level 8 of the Lair of Beasts
  5995 | Lair:8   | Found a staircase to the Slime Pits.
  5995 | Lair:8   | Found a viscous altar of Jiyva.
  6045 | Lair:8   | Noticed a five-headed hydra
  6069 | Lair:8   | Killed a five-headed hydra
  6069 | Lair:8   | Received a gift from Sif Muna
  6076 | Lair:8   | Identified Sif Muna's Catalogue of Darkness (Sif Muna gifted it to you on level 8 of the Lair of Beasts)
  6139 | Lair:8   | Noticed a death yak
  6142 | Lair:8   | Noticed a death yak
  6143 | Lair:8   | Noticed a death yak
  6157 | Lair:8   | crauler: про делейд забываешь
  6163 | Lair:8   | Killed a death yak
  6163 | Lair:8   | Killed a death yak
  6165 | Lair:8   | ololoev: сейчас нинужен
  6165 | Lair:8   | ololoev: все равно им не убить
  6165 | Lair:8   | ololoev: лучше схоронить, вдруг что вылезет
  6199 | Lair:8   | Killed a death yak
  6208 | Lair:8   | Reached XP level 13. HP: 39/67 MP: 2/32
  6288 | Lair:8   | ololoev: а вот теперь самое время!
  6291 | Lair:8   | crauler: слон аж на две клетки бабахает?
  6292 | Lair:8   | ololoev: гигантик же!
  6460 | Lair:8   | Reached skill level 14 in Spellcasting
  6539 | Lair:8   | Reached skill level 5 in Dodging
  6544 | Lair:8   | crauler: ice cave?
  6545 | Lair:8   | ololoev: nyet
  6545 | Lair:8   | ololoev: ice lair ending
  6602 | Lair:8   | Learned a level 7 spell: Orb of Destruction
  6845 | Lair:8   | jacquesderrida: :D
  6850 | Lair:8   | ololoev: yoo
  6873 | Lair:8   | crauler: a potom oni YOOOOOO
  6910 | Lair:8   | ololoev: defe neeasilil
  6910 | Lair:8   | ololoev: sdalsya parin'
  6977 | Lair:8   | Got a slimy war axe
  6978 | Lair:8   | Identified the +9 war axe of Asilodux {chop, rPois Str+2} (You found it on level 8 of the Lair of Beasts)
  6986 | Lair:8   | crauler: rPois?
  6996 | Lair:8   | ololoev: neenujno
  6996 | Lair:8   | ololoev: est' uje
  7246 | Shoals:1 | Entered Level 1 of the Shoals
  7247 | Shoals:1 | crauler: федаса на тебя нет
  7247 | Shoals:1 | crauler: грибы жжет
  7247 | Shoals:1 | crauler: деревья жжет
  7258 | Lair:3   | ololoev: greeby neenujno
  7258 | Lair:3   | ololoev: derev'ya noojno
  7258 | Lair:3   | jacquesderrida: грибы нада
  7258 | Lair:3   | ololoev: chtoby zhech noojno
  7268 | Lair:3   | Received a gift from Sif Muna
  7271 | Lair:3   | jacquesderrida: дерррревья нада!
  7272 | Lair:3   | Identified Sif Muna's Incunabulum of Blows and Bruises and the Birds (Sif Muna gifted it to you on level 3 of the Lair of Beasts)
  7514 | Shoals:2 | Noticed a merfolk javelineer
  7590 | Shoals:2 | Killed a merfolk javelineer
  7689 | Snake:1  | Entered Level 1 of the Snake Pit
  7689 | Snake:1  | Noticed Aizul
  7694 | Snake:1  | Killed Aizul
  7694 | Snake:1  | Reached XP level 14. HP: 75/75 MP: 1/34
  7706 | Lair:3   | Gained mutation: You possess an exceptional clarity of mind. [mutagenic meat]
  7707 | Lair:3   | Gained mutation: Your muscles are strong. (Str +2) [mutagenic meat]
  7708 | Lair:3   | Gained mutation: You are resistant to electric shocks. (rElec) [mutagenic meat]
  7709 | Lair:3   | Gained mutation: You are somewhat resistant to further mutation. [potion of beneficial mutation]
  7712 | Lair:3   | ololoev: клара, релек, сила и рмут!
  7712 | Lair:3   | ololoev: релек удачно перед снейком словил
  7785 | Snake:2  | Reached skill level 15 in Spellcasting
  7803 | Snake:1  | Slain by a black mamba

Dungeon Overview and Level Annotations

Branches:
Dungeon (10/15)            Temple (1/1) D:4            Lair (8/8) D:9
 Shoals (2/4) Lair:3        Snake (2/4) Lair:3        Slime (0/6) Lair:8
    Orc (1/2) D:10

Altars:
Ashenzari
Cheibriados
Dithmenos
Elyvilon
Fedhas
Gozag
Hepliaklqana
Kikubaaqudgha
Makhleb
Nemelex Xobeh
Okawaru
Pakellas
Sif Muna
Trog
Xom
Yredelemnul
Jiyva

Shops:
D:5 [   D:8 :

Annotations:
D:6 2 exclusions


Message History

A shock serpent comes into view.
Unknown command.
Unknown command.
Use which ability? (? or * to list)
You channel some magical energy.
You feel somewhat more hungry. The black mamba closely misses you.
You block the black mamba's attack.
Casting: Fireball
Confirm with . or Enter, or press ? or * to list all spells.
Aiming: Fireball
Press: ? - help, Shift-Dir - straight line, f/p - black mamba
Aim: a black mamba (severely wounded)
Okay, then.
You block the black mamba's attack.
The naga ritualist casts a spell at you.
You resist with some effort.
There is a stone staircase leading up here.
The black mamba bites you! You block the shock serpent's attack.
The black mamba bites you! The naga ritualist spits poison at you.
You block the splash of poison. The shock serpent closely misses you.
You climb upwards.
There is a stone staircase leading down here.
Casting: Fireball
Confirm with . or Enter, or press ? or * to list all spells.
Aiming: Sticky Flame
Press: ? - help, Shift-Dir - straight line, f - shock serpent
Aim: a shock serpent The sticky flame hits the shock serpent.
The shock serpent is lightly wounded.
The shock serpent is covered in liquid flames!
The shock serpent's electric aura discharges, shocking you!
The shock serpent burns!
The black mamba barely misses you. The shock serpent misses you.
The black mamba bites you but does no damage.
Unknown command.
You feel better.
The shock serpent burns!
You block the black mamba's attack.
The shock serpent's electric aura discharges, shocking you!
The shock serpent bites you but does no damage.
The black mamba barely misses you. The shock serpent bites you!
The shock serpent shocks you. You resist.
You feel much better.
The shock serpent burns!
You block the black mamba's attack. The shock serpent closely misses you.
The black mamba barely misses you.
Casting: Sticky Flame
Confirm with . or Enter, or press ? or * to list all spells.
Aiming: Sticky Flame
Press: ? - help, Shift-Dir - straight line, f/p - shock serpent
Aim: a shock serpent (moderately wounded, covered in liquid flames)
The sticky flame hits the shock serpent.
The shock serpent is heavily wounded.
The shock serpent is covered in liquid flames!
The shock serpent's electric aura discharges, shocking you!
The shock serpent burns!
The shock serpent's electric aura discharges, shocking you!
You block the shock serpent's attack.
The black mamba bites you but does no damage.
The shock serpent completely misses you.
Unknown command.
The naga mage shouts!
The shock serpent burns!
The black mamba closely misses you.
The shock serpent's electric aura discharges, shocking you!
The black mamba misses you.
The shock serpent burns!
The black mamba bites you!
You are poisoned.
The black mamba poisons you!
The naga mage mumbles some strange words.
The naga mage seems to speed up.
Unknown command.
Okay, then.
Okay, then.
As you read the scroll of teleportation, it crumbles to dust.
You feel strangely unstable.
You feel sick.
The shock serpent burns!
The shock serpent barely misses you. You block the black mamba's attack.
You feel sick.
The shock serpent burns!
The black mamba bites you!
You feel better.
The shock serpent burns!
The shock serpent shoots out a bolt of lightning at you!
The bolt of electricity hits you! You resist.
You block the black mamba's attack. The shock serpent barely misses you.
The black mamba bites you!
You die...

You could see a shock serpent (burning), a black mamba and a naga mage.

Vanquished Creatures
  An orc warlord (Bailey)
  Aizul (Snake:1)
  A merfolk javelineer (Shoals:2)
  An ice dragon (Lair:8)
  10 hydras
  2 anacondas
  Erica (D:8)
  A catoblepas (Lair:8)
  A deep troll shaman (Lair:8)
  7 death yaks (Lair:8)
  Pikel (D:6)
  A hill giant (D:6)
  The ghost of tstbtto the Cleaver, a novice NaGl (D:6)
  An orc knight (Bailey)
  2 mana vipers
  A naga ritualist (Snake:1)
  A griffon (Shoals:2)
  3 manticores
  A siren (Shoals:2)
  9 elephants (Lair:8)
  2 naga magi (Snake:1)
  A water nymph (Shoals:1)
  Psyche (D:8)
  6 black mambas
  9 spiny frogs
  3 komodo dragons
  A yaktaur (D:6)
  A wind drake (Shoals:2)
  4 merfolk
  3 trolls
  Grinder (D:6)
  12 blink frogs
  2 snapping turtles
  19 yaks
  A basilisk (Lair:8)
  A water elemental (Shoals:1)
  4 wyverns
  3 hippogriffs
  A hungry ghost (D:10)
  A mottled dragon (D:6)
  4 nagas (Lair:3)
  12 water moccasins
  3 orc warriors
  6 porcupines
  3 black bears
  Purgy (Sewer)
  2 ice beasts
  3 slaves (D:6)
  3 ogres
  10 wolves
  8 crocodiles
  4 centaurs
  3 big kobolds (D:8)
  8 giant frogs
  A wyvern zombie (D:9)
  2 scorpions
  A howler monkey (D:9)
  An electric eel (D:9)
  3 crimson imps
  A jelly (D:6)
  8 hounds
  2 centaur skeletons
  3 orc priests
  4 orc wizards
  8 iguanas
  4 worker ants
  9 sheep
  A hound skeleton (D:9)
  5 gnolls
  8 adders
  28 river rats
  3 shadow imps
  3 white imps (Lair:8)
  An ooze (D:3)
  3 adder zombies
  2 adder skeletons
  A worm (D:4)
  6 giant geckos
  26 orcs
  2 giant cockroaches
  6 goblins
  6 hobgoblins
  A jackal (D:3)
  2 quokkas (D:6)
  6 ball pythons
  3 bats
  8 giant newts
  16 kobolds
  A quokka skeleton (D:7)
  2 rats
  2 fungi
  2 plants (Lair:8)
384 creatures vanquished.

Vanquished Creatures (collateral kills)
  2 death yaks (Lair:8)
2 creatures vanquished.

Vanquished Creatures (others)
  15 fungi
  6 plants (Lair:8)
21 creatures vanquished.

Grand Total: 407 creatures vanquished

Action                   |  1- 3 |  4- 6 |  7- 9 | 10-12 | 13-15 || total
-------------------------+-------+-------+-------+-------+-------++-------
Melee: Rapier            |       |    12 |    12 |    23 |     1 ||    48
 Cast: Flame Tongue      |    42 |    51 |    62 |    58 |     1 ||   214
       Sticky Flame      |       |     6 |     7 |    49 |    14 ||    76
       Conjure Flame     |       |       |    13 |    21 |     3 ||    37
       Inner Flame       |       |       |    11 |    25 |     3 ||    39
       Fireball          |       |       |    14 |   154 |   139 ||   307
       Regeneration      |       |       |       |    14 |    18 ||    32
       Delayed Fireball  |       |       |       |     1 |     2 ||     3
       Apportation       |       |       |       |    17 |    30 ||    47
       Orb of Destructio |       |       |       |       |     5 ||     5
Invok: Channel Energy    |       |       |    66 |   335 |   265 ||   666
 Abil: Release Delayed F |       |       |       |       |     3 ||     3
       Evoke Flight      |       |       |       |       |     1 ||     1
Evoke: Deck              |       |       |       |     2 |     1 ||     3
  Use: Potion            |       |     1 |     1 |       |     6 ||     8
       Scroll            |       |       |     6 |    14 |     7 ||    27
 Stab: Sleeping          |       |     1 |       |     3 |       ||     4
  Eat: Chunk             |       |     2 |    15 |    67 |    33 ||   117
       Meat ration       |       |       |       |     2 |     3 ||     5
       Beef jerky        |       |       |       |     1 |       ||     1
       Fruit             |       |       |       |       |     8 ||     8
       Royal jelly       |       |       |       |       |     1 ||     1
       Pizza             |       |       |       |       |     1 ||     1
Armor: Robe              |       |     4 |     5 |    24 |    11 ||    44
Dodge: Dodged            |    17 |    15 |    21 |    77 |    35 ||   165
Block: Buckler           |       |       |       |    21 |    15 ||    36

Vault maps used:
D:1:      dpeg_arrival_ternary
D:2:      ashenzari_conservatory_becter
D:3:      lemuel_doored_altar, grunt_qazlal_sundering, marbit_many_paths,
          first_bread, portal_sewer_entry_b
D:4:      minitemple, minmay_temple_entry_hall
D:5:      serial_shops, shop
D:6:      minmay_klotski, nicolae_ru_awakened_eye, uniq_edmund, uniq_grinder,
          uniq_pikel
D:7:      enter_bailey_7, kennysheep_dice
D:8:      serial_shops, kennysheep_mini, hangedman_ranch, uniq_psyche,
          uniq_erica
D:9:      nicolae_overflow_hidden_temple, erik_lair_island
D:10:     orc_0_dummy, serial_glass, glass_columns_c, glass_columns_a
Temple:   zaba_magenta_temple_12
Lair:2:   beast_lair_carwin_2
Lair:3:   minmay_shoals_entry_hut, minmay_snake_entry_guardpost_small,
          st_stairs_7, zaba_antful_of_joy
Lair:4:   infiniplex_staircase_pool_2
Lair:5:   beast_lair_carwin_large_1, grunt_megastairs_2, serial_bayou_shore_b
Lair:6:   wad_woods_03, grunt_megastairs_1, bh_autumn_forest_stairs
Lair:8:   grunt_lair_end_beastmaster, slime_altar_1, bobbens_ice_dragon_lair
Snake:1:  uniq_aizul
Orc:1:    serial_shops, nicolae_shop_stone, basic_altar, led_sif_book
Sewer:    sewer_co_purgy_island
Bailey:   bailey_axe_bossmonster_kennysheep, bailey
